 Dungeon Crawl Stone Soup version 0.23.0 (webtiles) character file.

Game seed: 6106447316806462855

2859 chequers the Grappler (level 9, -4/72 HPs)
             Began as a Troll Monk on Feb 10, 2019.
             Was an Elder of Hepliaklqana.
             Slain by an orc warrior
             ... wielding the +7 spear of Alesega {venom, Int+4}
              (16 damage)
             ... on level 8 of the Dungeon.
             The game lasted 00:09:21 (5550 turns).

chequers the Grappler (Troll Monk)                  Turns: 5550, Time: 00:09:22

Health: -4/72      AC:  6    Str: 24    XL:     9   Next: 47%
Magic:  9/12       EV: 10    Int:  6    God:    Hepliaklqana [****..]
Gold:   238        SH:  0    Dex: 12    Spells: 8/8 levels left

rFire    + . .     SeeInvis +     - Unarmed
rCold    . . .     Gourm    +   (no shield)
rNeg     . . .     Faith    .   a - +0 robe
rPois    .         Spirit   .   (helmet restricted)
rElec    .         Reflect  .   (no cloak)
rCorr    .         Harm     .   (gloves unavailable)
MR       .....                  (boots unavailable)
Stlth    ++........             (no amulet)
HPRegen  0.62/turn              d - ring of protection from fire
MPRegen  0.13/turn              h - ring of see invisible

@: lethally poisoned (-4 -> -5)
A: large, unfitting armour, reduced essence, claws 3, fast metabolism 3,
gourmand, regeneration 1, shaggy fur 1, tough skin 3
a: Recall Ancestor, Ancestor Identity, Transference, Idealise, Renounce Religion


You were on level 8 of the Dungeon.
You worshipped Hepliaklqana.
Hepliaklqana was greatly pleased with you.
You were full.

You visited 1 branch of the dungeon, and saw 8 of its levels.

You collected 605 gold pieces.
You spent 367 gold pieces at shops.

Inventory:

Hand Weapons
 y - a +4 hand crossbow of flaming
Missiles
 v - a throwing net (quivered)
Armour
 a - a +0 robe (worn)
Jewellery
 d - a ring of protection from fire (left claw)
 h - a ring of see invisible (right claw)
Wands
 o - a wand of polymorph (7)
 r - a wand of digging (3)
 t - a wand of flame (14)
 x - a wand of disintegration (7)
Scrolls
 c - 2 scrolls of magic mapping
 e - 4 scrolls of remove curse
 f - 8 scrolls of teleportation
 g - 2 scrolls of fog
 i - 2 scrolls of fear
 k - 2 scrolls of enchant armour
 n - 4 scrolls of blinking {unknown}
 p - 4 scrolls of immolation
 z - 3 scrolls of amnesia
Potions
 j - 3 potions of might
 l - 5 potions of degeneration {unknown}
 m - 6 potions of heal wounds {unknown}
 q - 3 potions of curing {unknown}
 s - a potion of agility
 u - 2 potions of mutation
Comestibles
 b - 15 rations


   Skills:
 - Level 2.4 Fighting
 - Level 2.4 Dodging
 - Level 1.0 Stealth
 * Level 11.4 Unarmed Combat
 - Level 6.1 Invocations


You had 8 spell levels left.
You didn't know any spells.
Your spell library contained the following spells:

 Spells                   Type           Power        Failure   Level  Hunger
 Animate Skeleton         Necr           N/A          45%         1    ##.....
 Apportation              Tloc           #.....       45%         1    ##.....
 Confusing Touch          Hex            #.....       45%         1    ##.....
 Infusion                 Chrm           #...         45%         1    ##.....
 Pain                     Necr           #...         45%         1    ##.....
 Summon Small Mammal      Summ           #...         45%         1    ##.....
 Shroud of Golubria       Chrm/Tloc      #.........   58%         2    ###....
 Song of Slaying          Chrm           #.......     58%         2    ###....
 Regeneration             Chrm/Necr      #.........   83%         3    ####...
 Spectral Weapon          Hex/Chrm       #.......     83%         3    ####...
 Vampiric Draining        Necr           #.........   83%         3    ####...
 Animate Dead             Necr           N/A          99%         4    #####..


Dungeon Overview and Level Annotations

Branches:
Dungeon (8/15)             Temple (0/1) D:6
   Lair: D:8-11

Altars:
Fedhas
Hepliaklqana
Kikubaaqudgha
Nemelex Xobeh
Okawaru
Qazlal
Ru
Trog
Vehumet
Xom
Yredelemnul
Beogh

Shops:
D:8 (

Annotations:
D:8 lyrin's ghost, novice MiMo


Innate Abilities, Weirdness & Mutations

You are too large for most types of armour.
You have claws for hands.
Your metabolism is lightning-fast.
You like to eat raw meat.
Your natural rate of healing is unusually fast.
You are covered in fur. (AC +1)
You have extremely tough skin. (AC +3)
Your life essence is reduced to manifest your ancestor. (-10% HP)


Message History

The orc struggles to resist.
You feel sick.
The orc priest hits Octavia with a +0 hand axe.
The orc hits Octavia with a +0 hand axe!
Octavia misses the orc.
The orc warrior hits you with a +0 mace.
* * * LOW HITPOINT WARNING * * *
Items here: )) [ † a +0 hand axe x2; a +0 leather armour; an orc corpse You claw the orc warrior!
Your claw misses the orc warrior.
The orc warrior is almost dead.
The orc priest looks encouraged for a moment.
The orc hits Octavia with a +0 hand axe.
Octavia barely misses lyrin's ghost.
The orc closely misses you.
You mangle the orc warrior!!
You kill the orc warrior!
You feel sick.
The orc priest hits Octavia with a +0 hand axe!
The orc warrior hits you from afar with the +7 spear of Alesega {venom, Int+4}!
You die...

#.#.#.#.#.......#.#
##.#...#.#########.##
.............>......#
....<....####.#######
....#########.##
...........##..#
.........).....######
....######.###...o..########
....##......8...@W........8#
....##....).######oR'#######
....##......#....ooo......#
#######.....#...o#####.?..#
#.......(.#.###.....###.#
#.........#.#8#..8..#8#.#
###......#.##.....$.......#
.........#(##8...)[_[....8#
....######.### #########


You could see the friendly Octavia the hexer, an orc warrior, an orc priest,
lyrin's ghost and 4 orcs.

Vanquished Creatures
  Pikel (D:5)
  Eustachio (D:4)
  Menkaure (D:4)
  3 orc warriors
  2 ogres
  2 centaurs
  2 bullfrogs
  4 scorpions
  3 killer bees (D:8)
  A centaur zombie (D:8)
  A crimson imp (D:5)
  4 hounds
  2 orc wizards (D:8)
  5 orc priests
  Ijyb (D:4)
  3 worker ants
  A hound skeleton (D:8)
  12 adders
  A shadow imp (D:5)
  An adder zombie (D:7)
  2 dart slugs
  4 leopard geckos
  17 orcs
  2 ball pythons
  2 giant cockroaches
  4 goblins
  4 hobgoblins
  6 jackals
  4 quokkas
  6 bats
  4 frilled lizards
  A jackal skeleton (D:6)
  6 kobolds
  A leopard gecko skeleton (D:7)
  10 rats
124 creatures vanquished.

Vanquished Creatures (collateral kills)
  Prince Ribbit (D:5)
  A bullfrog (D:7)
  An orc priest (D:8)
  A bullfrog skeleton (D:4)
  2 iguanas
  2 adders
  An orc (D:4)
  A goblin (D:2)
  A quokka (D:3)
  A bat (D:2)
  A frilled lizard (D:4)
  A rat (D:3)
14 creatures vanquished.

Vanquished Creatures (others)
  An adder (D:5)
  A ball python (D:3)
  A fungus (D:1)
  4 toadstools (D:1)
7 creatures vanquished.

Grand Total: 145 creatures vanquished

Notes
Turn   | Place    | Note
-------+----------+-------------------------------------------
     0 | D:1      | chequers the Troll Monk began the quest for the Orb.
     0 | D:1      | Reached XP level 1. HP: 22/22 MP: 0/0
   159 | D:1      | Reached XP level 2. HP: 20/29 MP: 1/1
   630 | D:2      | Reached skill level 4 in Unarmed Combat
   645 | D:2      | Reached XP level 3. HP: 32/36 MP: 2/2
   743 | D:2      | Reached skill level 5 in Unarmed Combat
   743 | D:2      | Reached XP level 4. HP: 27/44 MP: 3/3
   967 | D:2      | Found a shimmering altar of Xom.
   968 | D:2      | Found a hazy altar of Hepliaklqana.
   968 | D:2      | Noticed a hungry ghost
   969 | D:2      | Noticed a spectral ugly thing
   969 | D:2      | Noticed a hungry ghost
   980 | D:2      | Became a worshipper of Hepliaklqana the Forgotten
   980 | D:2      | Reached * piety under Hepliaklqana
   980 | D:2      | Reached ** piety under Hepliaklqana
   981 | D:2      | Remembered your ancestor Octavia as a hexer
  1282 | D:3      | Found a radiant altar of Vehumet.
  1777 | D:4      | Found a basalt altar of Yredelemnul.
  1788 | D:4      | Reached XP level 5. HP: 42/45 MP: 4/4
  1809 | D:4      | Noticed Eustachio
  1816 | D:4      | Killed Eustachio
  1816 | D:4      | Reached skill level 6 in Unarmed Combat
  1816 | D:4      | Reached skill level 1 in Invocations
  1816 | D:4      | Reached XP level 6. HP: 53/53 MP: 4/6
  1922 | D:4      | Reached skill level 7 in Unarmed Combat
  1973 | D:4      | Noticed Menkaure
  1982 | D:4      | Killed Menkaure
  1982 | D:4      | Reached XP level 7. HP: 59/59 MP: 7/7
  2070 | D:4      | Found a sacrificial altar of Ru.
  2093 | D:4      | Found a blossoming altar of Fedhas.
  2095 | D:4      | Found a stormy altar of Qazlal.
  2164 | D:4      | Noticed Ijyb
  2173 | D:4      | Killed Ijyb
  2357 | D:4      | Reached *** piety under Hepliaklqana
  2430 | D:5      | Entered Level 5 of the Dungeon
  2430 | D:5      | Noticed Pikel
  2436 | D:5      | Killed Pikel
  2436 | D:5      | Reached skill level 8 in Unarmed Combat
  2436 | D:5      | Reached XP level 8. HP: 42/66 MP: 9/9
  2612 | D:5      | Noticed Prince Ribbit
  2621 | D:5      | Killed Prince Ribbit
  2621 | D:5      | Reached skill level 9 in Unarmed Combat
  2805 | D:5      | Got a coiled pewter ring
  2806 | D:5      | Identified the cursed ring of Jaipoan {EV-2 Str+7} (You
                  | found it on level 5 of the Dungeon)
  3485 | D:6      | Reached skill level 10 in Unarmed Combat
  3485 | D:6      | Reached skill level 5 in Invocations
  3590 | D:6      | Reached **** piety under Hepliaklqana
  3723 | D:6      | Found a staircase to the Ecumenical Temple.
  3918 | D:6      | Found a bloodstained altar of Trog.
  4147 | D:7      | Found an iron altar of Okawaru.
  4300 | D:7      | Reached XP level 9. HP: 62/72 MP: 12/12
  4373 | D:7      | Found an ancient bone altar of Kikubaaqudgha.
  4429 | D:7      | Found a sparkling altar of Nemelex Xobeh.
  4859 | D:8      | Found a roughly hewn altar of Beogh.
  4867 | D:8      | Reached skill level 11 in Unarmed Combat
  4948 | D:8      | Found Xeijeis's Weapon Shop.
  4955 | D:8      | Bought a +4 hand crossbow of flaming for 367 gold pieces
  5087 | D:8      | Identified the +7 spear of Alesega {venom, Int+4}
  5087 | D:8      | Identified the +1 plate armour of Fortitude {Str+6}
  5087 | D:8      | Noticed lyrin's ghost (novice MiMo)
  5088 | D:8      | Found a runed translucent gate.
  5088 | D:8      | Found a runed translucent gate.
  5088 | D:8      | Found a runed translucent gate.
  5092 | D:8      | Found a roughly hewn altar of Beogh.
  5550 | D:8      | Slain by an orc warrior

Skill      XL: |  1  2  3  4  5  6  7  8  9 |
---------------+----------------------------+-----
Unarmed Combat | 4 5 6 7 8 10 11 | 11.4
Invocations    | 1 2 3 5 6 |  6.1
Fighting       | |  2.4
Dodging        | |  2.4
Stealth        | |  1.0

Action                   |  1- 3 |  4- 6 |  7- 9 || total
-------------------------+-------+-------+-------++-------
Melee: Unarmed           |    92 |    87 |   199 ||   378
       Punch             |     1 |     3 |     5 ||     9
Invok: Ancestor Life: He |       |     1 |       ||     1
       Ancestor Identity |       |     1 |       ||     1
       Idealise          |       |       |     1 ||     1
  Use: Scroll            |       |       |    12 ||    12
 Stab: Sleeping          |     1 |     3 |     4 ||     8
       Confused          |       |       |     2 ||     2
       Distracted        |       |       |     2 ||     2
  Eat: Chunk             |    12 |    12 |    28 ||    52
Armor: Robe              |    30 |    31 |    46 ||   107
Dodge: Dodged            |    42 |    52 |    99 ||   193
